[Event "Live Chess"]
[Site "Chess.com"]
[Date "2023.05.21"]
[Round "-"]
[White "Long1968"]
[Black "Vitalii18a"]
[Result "0-1"]
[WhiteElo "997"]
[BlackElo "1106"]
[TimeControl "300"]
[EndTime "0:07:57 PDT"]
[Termination "Vitalii18a won on time"]

1. e4 e5 2. f4 d6 3. Nf3 exf4 4. Bc4 Be7 5. O-O Nf6 6. d4 Nxe4 7. Qe2 d5 8. Bd3 Bg5 9. Nxg5 Qxg5 10. Bxf4 Qg6 11. Re1 O-O 12. Bxe4 dxe4 13. Qxe4 Qxe4 14. Rxe4 Bf5 15. Re7 c6 16. Rxb7 Na6 17. c3 Rfe8 18. Nd2 Re2 19. Nf3 Be4 20. Ne5 Rxg2+ 21. Kf1 g5 22.
Bg3 Bd5 23. Nxf7 Bxf7 24. Kxg2 c5 25. Re7 cxd4 26. cxd4 Nb4 27. Rf1 Bxa2 28. Bd6 Nd5 29. Rb7 Nf4+ 30. Bxf4 gxf4 31. Rxf4 Bb1 32. Rg4+ Kh8 33.
Rf4 Rg8+ 0-1

[Event "Live Chess"]
[Site "Chess.com"]
[Date "2023.05.21"]
[Round "-"]
[White "Bot_Boy"]
[Black "Nazarenko_vital"]
[Result "0-1"]
[WhiteElo "324"]
[BlackElo "1631"]
[TimeControl "300"]
[EndTime "0:08:07 PDT"]
[Termination "Nazarenko_vital won by checkmate"]

1. Nf3 Nf6 2. d4 e6 3. Nc3 c5 4. e4 cxd4 5. Qxd4 Nc6 6. Qd1 d5 7.
e5 Nd7 8. Bf4 h6 9. Bb5 a6 10.
Bxc6 bxc6 11. Qd2 Bb4 12. a3 Be7 13. O-O-O Qb6 14. Nb1 Rb8 15. c3 Nc5 16. Nd4 Nd3+ 17. Qxd3 Qxb2# 0-1

[Event "Live Chess"]
[Site "Chess.com"]
[Date "2023.05.21"]
[Round "-"]
[White "Mikhail_Golubev"]
[Black "f4nomore"]
[Result "1-0"]
[WhiteElo "2472"]
[BlackElo "1417"]
[TimeControl "300"]
[EndTime "0:08:24 PDT"]
[Termination "Mikhail_Golubev won by checkmate"]

1. e4 g6 2. g3 Bg7 3. Bg2 d6 4. d4 Nd7 5. c3 Ngf6 6. f4 O-O 7. Nd2 a6 8. Ngf3 b5 9. O-O Rb8 10. e5 dxe5 11. fxe5 Nd5 12. Ne4 N7b6 13. Nc5 Bg4 14. Nxa6 Ra8 15. Nc5 Ra7 16. h3 Bc8 17. Qe2 Nc4 18.
e6 fxe6 19. Nxe6 Bxe6 20. Qxe6+ Kh8 21. Ng5 Rxf1+ 22. Kxf1 Qf8+ 23. Kg1 Nf6 24. Nf7+ Kg8 25. Ne5+ Kh8 26. Nxc4 bxc4 27. Bf4 Nh5 28. Be5 Bxe5 29. Qxe5+ Qf6 30. Qb5 Qa6 31. Qe8+ Kg7 32. Rf1 Qxa2 33. Qf8# 1-0

[Event "Live Chess"]
[Site "Chess.com"]
[Date "2023.05.21"]
[Round "-"]
[White "Ian-Morley"]
[Black "MarkLim1"]
[Result "0-1"]
[WhiteElo "1037"]
[BlackElo "1680"]
[TimeControl "300"]
[EndTime "0:08:28 PDT"]
[Termination "MarkLim1 won by resignation"]

1. e4 e6 2. d4 d5 3. e5 c5 4.
c3 Nc6 5. Nf3 Nge7 6. Be2 Nf5 7.
Na3 cxd4 8. cxd4 Bxa3 9. bxa3 Qa5+ 10. Qd2 Qb6 11. g4 Nfxd4 12. Nxd4 Qxd4 13. Qxd4 Nxd4 14. Bb2 Nc2+ 15. Kd2 Nxa1 16. Rxa1 Bd7 17. Bd4 b6 18. Rc1 Rc8 19. Rxc8+ Bxc8 20. a4 Kd7 21. a5 bxa5 22. Bxa7 Bb7 23. Bb6 Rc8 24. Bb5+ Bc6 25. Bxc6+ Rxc6 26. Bxa5 Ra6 27. Bc3 Rxa2+ 28. Ke3 Kc6 29. f4 g6 30. h4 h5 31. f5 hxg4 32. fxe6 fxe6 33.
Be1 Kc5 34. Kf4 Ra4+ 35. Kg5 Re4 36. Kf6 Rxe1 37. Kxe6 g3 38. Kf6 g2 0-1

[Event "Live Chess"]
[Site "Chess.com"]
[Date "2023.05.21"]
[Round "-"]
[White "LutherSullivan"]
[Black "Doge_Dandolo"]
[Result "1-0"]
[WhiteElo "2141"]
[BlackElo "1884"]
[TimeControl "300"]
[EndTime "0:08:55 PDT"]
[Termination "LutherSullivan won by checkmate"]

1. e4 c6 2. d4 d5 3. Nd2 dxe4 4. Nxe4 Bf5 5. Ng3 Bg6 6. h4 h6 7. Nf3 Nd7 8. c3 e6 9. h5 Bh7 10. Bd3 Bxd3 11. Qxd3 Ngf6 12. Bf4 Nd5 13. Bd2 Be7 14.
O-O-O c5 15. Ne4 cxd4 16. Nxd4 O-O 17. f4 Nc5 18. Nxc5 Bxc5 19. g4 Rc8 20. g5 Bxd4 21.
Qxd4 a5 22. gxh6 Nf6 23. Qe5 Qd5 24. hxg7 Kxg7 25. Rdg1+ Kh7 26. Qxf6 Qxa2 27. Qg7# 1-0

[Event "Live Chess"]
[Site "Chess.com"]
[Date "2023.05.21"]
[Round "-"]
[White "Supertromp"]
[Black "martynstanley"]
[Result "1-0"]
[WhiteElo "2133"]
[BlackElo "988"]
[TimeControl "300"]
[EndTime "0:09:04 PDT"]
[Termination "Supertromp won by checkmate"]

1. e4 e6 2. d4 d5 3. Bd3 c5 4. exd5 exd5 5. Nf3 Nc6 6. O-O b6 7. Re1+ Nge7 8. dxc5 bxc5 9. Bb5 Bb7 10. Nc3 Qc7 11. Nxd5 Qd7 12. Ne5 Kd8 13. Nxd7 Kxd7 14. Nxe7+ Kc7 15.
Nd5+ Kb8 16. Re8+ Bc8 17. Bxc6 a6 18. Bxa8 Kxa8 19. Rxc8+ Ka7 20. Ne7 Kb7 21. Qd7+ Kb6 22. a4 Ka5 23. c3 c4 24. Bd2 f6 25. b4+ Kb6 26. a5# 1-0

[Event "Live Chess"]
[Site "Chess.com"]
[Date "2023.05.21"]
[Round "-"]
[White "profpirate4"]
[Black "Tushinskiy"]
[Result "0-1"]
[WhiteElo "1265"]
[BlackElo "2169"]
[TimeControl "300"]
[EndTime "0:09:21 PDT"]
[Termination "Tushinskiy won by checkmate"]

1. d4 d5 2. c4 c6 3. Nc3 e6 4. cxd5 exd5 5. e3 Nf6 6. Bd3 Bd6 7. Qc2 O-O 8. Nge2 Bg4 9. Ng3 Nbd7 10. f3 Be6 11.
O-O Qc7 12. Re1 Bxg3 13. hxg3 Qxg3 14. Bd2 Rae8 15. e4 Bh3 16. Re2 dxe4 17. fxe4 Ng4 18.
Be1 Qh2+ 19. Kf1 Qh1# 0-1

[Event "Live Chess"]
[Site "Chess.com"]
[Date "2023.05.21"]
[Round "-"]
[White "nigelst"]
[Black "AttackingSnowLeopard"]
[Result "0-1"]
[WhiteElo "1698"]
[BlackElo "2192"]
[TimeControl "300"]
[EndTime "0:09:24 PDT"]
[Termination "AttackingSnowLeopard won by resignation"]

1. e4 e5 2. Nf3 Nc6 3. Bb5 a6 4.
Bxc6 dxc6 5. O-O Bg4 6. h3 h5 7.
d3 Qf6 8. Be3 Bxf3 9. Qxf3 Qxf3 10. gxf3 Ne7 11. Nd2 Ng6 12. Kh2 f6 13. Rg1 Kf7 14.
Rg2 Rd8 15. Rag1 Nh4 16. Rg3 g5 17. Nc4 b6 18. Nxe5+ fxe5 19. Bxg5 Be7 20. Bxh4 Bxh4 21. Rg7+ Ke6 22. Rxc7 Rhg8 23. Rxc6+ Kd7 24. Rxb6 Bxf2 25. Rgg6 Bxb6 26. Rxb6 Rb8 0-1

[Event "Live Chess"]
[Site "Chess.com"]
[Date "2023.05.21"]
[Round "-"]
[White "elephantgerrald"]
[Black "Jo1ts"]
[Result "1-0"]
[WhiteElo "679"]
[BlackElo "826"]
[TimeControl "300"]
[EndTime "0:09:35 PDT"]
[Termination "elephantgerrald won by checkmate"]

1. e4 d5 2. exd5 Qxd5 3. d4 Nc6 4. c3 e5 5. dxe5 Qxd1+ 6. Kxd1 Nxe5 7. Bf4 Bd6 8. Nd2 Nf6 9. Bxe5 Bxe5 10. Ngf3 Bf4 11. g3 Bg5 12. Nxg5 h6 13. Ngf3 Bg4 14. Bg2 O-O 15. h3 Bf5 16. g4 Bh7 17. Ne5 Rfe8 18. f4 Rad8 19. Bxb7 Nd7 20. Nxd7 Rxd7 21. Bc6 Rdd8 22.
Bxe8 Rxe8 23. Re1 Rd8 24. Kc1 g6 25. Nc4 h5 26. Kc2 hxg4 27. hxg4 f6 28. Kb3 g5 29.
fxg5 fxg5 30. Re7 Rc8 31. Rae1 Bg6 32. Ne5 Bh7 33. Nc6 a6 34. Re8+ Rxe8 35. Rxe8+ Kg7 36. Re7+ Kg6 37. Rxc7 Bg8+ 38. c4 Be6 39. Ne7+ Kf6 40. a4 Bxg4 41. Nd5+ Ke6 42. Re7+ Kd6 43. Rg7 Bd1+ 44.
Kb4 g4 45. c5+ Kxd5 46. Rd7+ Kc6 47. Rxd1 g3 48. Rd6+ Kb7 49. c6+ Kc7 50. Rg6 g2 51.
Rxg2 Kxc6 52. Rd2 Kb6 53. Kc4 Ka5 54. b3 Kb6 55. b4 a5 56. b5 Kb7 57. Rd6 Ka7 58. b6+ Kb7 59. Kc5 Ka6 60. Rc6 Kb7 61. Kb5 Kb8 62. Ka6 Ka8 63. Rc8# 1-0

[Event "Live Chess"]
[Site "Chess.com"]
[Date "2023.05.21"]
[Round "-"]
[White "MJMykh"]
[Black "Stanbad1"]
[Result "0-1"]
[WhiteElo "1025"]
[BlackElo "2389"]
[TimeControl "300"]
[EndTime "0:09:38 PDT"]
[Termination "Stanbad1 won by checkmate"]

1. e4 e6 2. Nf3 d5 3. exd5 exd5 4. Nc3 Nf6 5. Bb5+ c6 6. Bd3 Bd6 7. O-O O-O 8. h3 Nbd7 9. a3 Nc5 10. Qe2 Re8 11.
Qd1 Nxd3 12. cxd3 Bf5 13. Qc2 Qb6 14. Na4 Qb5 15. Rd1 Bxd3 16. Qc3 Qxa4 17. b3 Qe4 18. Bb2 Be2 19. Re1 Bxf3 20. Rxe4 Bxe4 21. Re1 Be5 22. d4 Bd6 23. f3 Bg6 24. Rxe8+ Rxe8 25. g4 h6 26. Kf2 Bf4 27. Qa5 a6 28. Qb6 Re7 29.
Qc5 Rd7 30. Qa7 Kh7 31. Qc5 h5 32. a4 h4 33. b4 Bg3+ 34. Kg2 Rd8 35. Qc3 Re8 36.
Qd2 Re1 37. a5 Ne4 38. Qc2 Nd6 39. Qb3 Nc4 40. Bc3 Re2+ 41. Kf1 Bd3 42. Kg1 Ne3 43. Kh1 Bf4 44. Kg1 Nf1 45. Kh1 Ng3+ 46. Kg1 Bc4 47. Qa3 Be3# 0-1

[Event "Live Chess"]
[Site "Chess.com"]
[Date "2023.05.21"]
[Round "-"]
[White "JohanKjeldahl"]
[Black "Duke_of_Bebington"]
[Result "1-0"]
[WhiteElo "1882"]
[BlackElo "1582"]
[TimeControl "300"]
[EndTime "0:09:38 PDT"]
[Termination "JohanKjeldahl won by resignation"]

1. e4 e5 2. Nf3 Nf6 3. d4 Nxe4 4. Bd3 d5 5. Nxe5 Bd6 6. O-O O-O 7. c4 c6 8. Nc3 Nxc3 9. bxc3 Be6 10. cxd5 cxd5 11.
f4 f5 12. Qe2 Re8 13. a4 Nc6 14. Ba3 Rc8 15. Bxd6 Qxd6 16. Rab1 b6 17. Bb5 Bd7 18. Qd3 g6 19. Rbe1 Re7 20. Nxc6 Bxc6 21. Re5 Rxe5 22. fxe5 Qe6 23. Rb1 Bb7 24. Rc1 Bc6 25. Ba6 Rc7 26. c4 Bxa4 27. Ra1 Bc6 28. cxd5 Qxd5 29. Bc4 1-0

[Event "Live Chess"]
[Site "Chess.com"]
[Date "2023.05.21"]
[Round "-"]
[White "Biranidun"]
[Black "JoeRoot66"]
[Result "1-0"]
[WhiteElo "2572"]
[BlackElo "1937"]
[TimeControl "300"]
[EndTime "0:09:48 PDT"]
[Termination "Biranidun won by resignation"]

1. e4 c6 2. d4 d5 3. e5 Bf5 4. Nf3 e6 5. Be2 c5 6. Be3 Qb6 7. Nc3 Nc6 8. O-O c4 9. Rb1 Bb4 10. Nh4 Bg6 11. a3 Bxc3 12. bxc3 Qc7 13. f4 Nge7 14. g4 h5 15. f5 hxg4 16. Nxg6 fxg6 17. fxe6 Nf5 18. Bg5 g3 19. h4 Nxe5 20.
Rxf5 gxf5 21. dxe5 g6 22. Qxd5 1-0

[Event "Live Chess"]
[Site "Chess.com"]
[Date "2023.05.21"]
[Round "-"]
[White "Ferrarifan27"]
[Black "Singapourfeuj"]
[Result "1-0"]
[WhiteElo "2071"]
[BlackElo "2213"]
[TimeControl "300"]
[EndTime "0:09:57 PDT"]
[Termination "Ferrarifan27 won by resignation"]

1. e4 c5 2. Nf3 d6 3. d4 cxd4 4. Nxd4 Nf6 5. Nc3 a6 6. Bg5 Nbd7 7. f4 Qc7 8. Qf3 h6 9. Bh4 g5 10. fxg5 Ne5 11. Qd1 Nfg4 12. Nd5 Qc5 13. Nb3 Qa7 14.
Nc7+ Kd8 15. Nxa8 hxg5 16. Bg3 Be6 17. Qd2 Qxa8 18. O-O-O Bh6 19. h3 Nf6 20. Bxe5 Nxe4 21. Qd4 b5 22. Bxh8 g4+ 23. Kb1 g3 24. Qb6+ Kd7 25.
Nc5+ Nxc5 26. Qxc5 f6 27. Bxf6 Qb8 28. Bc3 a5 29.
Qxb5+ Qxb5 30. Bxb5+ 1-0

[Event "Live Chess"]
[Site "Chess.com"]
[Date "2023.05.21"]
[Round "-"]
[White "CroasArRheun"]
[Black "Denz14"]
[Result "1-0"]
[WhiteElo "1810"]
[BlackElo "1031"]
[TimeControl "300"]
[EndTime "0:10:22 PDT"]
[Termination "CroasArRheun won on time"]

1. d4 Nf6 2. c4 d6 3. Nc3 g6 4.
Nf3 Bg7 5. e4 O-O 6. Be3 e5 7.
dxe5 dxe5 8. Qxd8 Rxd8 9. Nxe5 Nfd7 10. Nxd7 Nxd7 11. Rc1 Ne5 12. Be2 Bg4 13. f3 Be6 14. b3 c6 15. O-O Rd7 16. Rfd1 Rad8 17. Bxa7 Bh6 18. Rxd7 Rxd7 19. Rd1 Rxd1+ 20. Bxd1 Nd7 21.
Bd4 c5 22. Bf2 Bg7 23. Nb5 b6 24. Kf1 f5 25. Ke2 fxe4 26. fxe4 Ne5 27. Ke3 Nc6 28. Bc2 Nd4 29. Nxd4 Bxd4+ 30. Ke2 Be5 31. g3 Kf7 32. Kd3 Kf6 33. Be3 g5 34. Bd1 Kg6 35. Bf3 h5 36. Be2 Kh6 37. a3 Kg6 38. b4 Bd6 39. Kc3 Be5+ 40. Kb3 cxb4 41. Bxb6 bxa3 42. Kxa3 Bd6+ 43. c5 Bb8 44. Kb4 g4 45. c6 Bd6+ 46. Bc5 Bc7 47.
Kb5 Bc8 48. Bb6 Bxb6 49. Kxb6 Kf7 50. Kc7 Be6 51. Kd8 1-0

[Event "Live Chess"]
[Site "Chess.com"]
[Date "2023.05.21"]
[Round "-"]
[White "hturner40"]
[Black "raimundklein"]
[Result "0-1"]
[WhiteElo "1775"]
[BlackElo "1750"]
[TimeControl "300"]
[EndTime "0:10:58 PDT"]
[Termination "raimundklein won on time"]

1. Nf3 Nf6 2. g3 g6 3. Bg2 Bg7 4. O-O O-O 5. d4 d6 6. c4 Nc6 7. Nc3 a6 8. b3 Rb8 9. a4 Nb4 10. Bb2 c5 11. e3 Bd7 12. dxc5 dxc5 13. Nd5 Nbxd5 14. cxd5 Qc8 15. Rc1 b6 16. d6 exd6 17. Qxd6 Ne4 18. Qf4 Bxb2 19. Qxe4 Bc6 20. Qh4 Qb7 21.
Ng5 h5 22. Bxc6 Qxc6 23. Rc2 Bf6 24. Qf4 Rbe8 25. h4 Rd8 26. b4 Rd5 27. Ne4 Be5 28.
Qh6 Bg7 29. Qf4 Rf5 30. b5 axb5 31. axb5 Qe6 32. Ng5 Qb3 33. Qc4 Qxc4 34. Rxc4 Ra8 35. f4 Rd5 36. e4 Rd3 37. Rf3 Rxf3 0-1

[Event "Live Chess"]
[Site "Chess.com"]
[Date "2023.05.21"]
[Round "-"]
[White "Rusty_Bridges"]
[Black "WelshTiger"]
[Result "0-1"]
[WhiteElo "1526"]
[BlackElo "2358"]
[TimeControl "300"]
[EndTime "0:11:06 PDT"]
[Termination "WelshTiger won on time"]

1. e4 c6 2. d4 d5 3. e5 c5 4.
Nf3 Nc6 5. c4 cxd4 6. Nxd4 Nxe5 7. cxd5 Qxd5 8. Nc3 Qd8 9. Bf4 Nc6 10. Nxc6 Qxd1+ 11. Rxd1 bxc6 12. Bc4 Nf6 13. O-O e6 14. a3 Nd5 15.
Nxd5 cxd5 16. Bd3 Bd7 17. Rc1 f6 18. Rc7 e5 19. Bd2 Bd6 20. Rb7 Bc5 21. Rc1 Bb6 22. a4 Bxa4 23. Rxg7 e4 24. Be2 Bd7 25. Bb4 h5 26.
Bc3 d4 27. Bb4 d3 28. Bd1 e3 29. Bb3 d2 30. Rd1 e2 31. Re7+ Kd8 32. Rxe2 Bg4 33. Rexd2+ Kc7 34. Rc1+ Kb7 35. Bd5+ Ka6 36. Bxa8 Rxa8 37.
Ra1+ Kb5 38. Bc3 Re8 39. Rd5+ Kc4 40. Rd7 Re2 41. Rc7+ Bxc7 42. f3 Bb6+ 43. Kf1 Rf2+ 44. Ke1 Bf5 45. Bxf6 Bd3 46. Rc1+ Kd5 0-1

[Event "Live Chess"]
[Site "Chess.com"]
[Date "2023.05.21"]
[Round "-"]
[White "Shepherds_Pie"]
[Black "Hacker_2009"]
[Result "0-1"]
[WhiteElo "1920"]
[BlackElo "1951"]
[TimeControl "300"]
[EndTime "0:11:09 PDT"]
[Termination "Hacker_2009 won by resignation"]

1. c4 Nf6 2. Nc3 e6 3. e4 d5 4.
e5 Ng8 5. d4 b6 6. Nf3 Bb7 7.
cxd5 exd5 8. Bd3 c5 9. Bb5+ Nc6 10. O-O Ne7 11. e6 fxe6 12. Ne5 a6 13. Bxc6+ Bxc6 14. Nxc6 Nxc6 15. Re1 Nxd4 16. Qh5+ Kd7 17. Nxd5 exd5 18.
Qxd5+ Kc7 19. Bf4+ Bd6 20. Qf7+ Kc6 21. Bxd6 Qxd6 22. Rac1 Qf6 23. Qh5 Rhf8 24. f3 g6 25. Qg4 Rae8 26. Rxe8 Rxe8 27. b4 Ne2+ 0-1

[Event "Live Chess"]
[Site "Chess.com"]
[Date "2023.05.21"]
[Round "-"]
[White "KeithArkell"]
[Black "kerryman1969"]
[Result "1-0"]
[WhiteElo "2555"]
[BlackElo "1167"]
[TimeControl "300"]
[EndTime "0:11:14 PDT"]
[Termination "KeithArkell won by resignation"]

1. d4 d5 2. Nf3 c6 3. c4 e6 4.
cxd5 exd5 5. Nc3 Nf6 6. Qc2 g6 7. Bg5 Bg7 8. e3 Bf5 9. Bd3 Bxd3 10. Qxd3 Nbd7 11. b4 b5 12. a4 a6 13. a5 Qe7 14.
Na2 Qe6 15. Bxf6 Nxf6 16. O-O O-O 17. Nc1 Ne4 18. Nd2 f5 19. Qc2 Nxd2 20. Qxd2 Bh6 21. g3 Qe4 22. Nd3 Rae8 23. Rac1 Qf3 24. Ne5 Qe4 25. Qc2 Qxc2 26. Rxc2 Rc8 27. Rfc1 Rf6 28. Rxc6 Rfxc6 29. Rxc6 Rxc6 30. Nxc6 Kf7 31. Nb8 Bf8 32. Nxa6 Ke6 33. Nc5+ Kd6 34. a6 Kc7 35. a7 Bxc5 36. a8=Q 1-0

[Event "Live Chess"]
[Site "Chess.com"]
[Date "2023.05.21"]
[Round "-"]
[White "Jo1ts"]
[Black "JoeRoot66"]
[Result "0-1"]
[WhiteElo "826"]
[BlackElo "1937"]
[TimeControl "300"]
[EndTime "0:11:39 PDT"]
[Termination "JoeRoot66 won by resignation"]

1. d4 d5 2. Bf4 Nf6 3. Nf3 c5 4. e3 Nc6 5. c3 Qb6 6. Qc2 cxd4 7. cxd4 Bf5 8. Bd3 Bxd3 9. Qxd3 Qxb2 10. Qc3 Qxc3+ 11. Nxc3 e5 12. Nxe5 Bb4 13. Rc1 Ne4 14. O-O 0-1

[Event "Live Chess"]
[Site "Chess.com"]
[Date "2023.05.21"]
[Round "-"]
[White "BillythekidFellowes"]
[Black "mirandaasilva"]
[Result "1-0"]
[WhiteElo "2032"]
[BlackElo "1636"]
[TimeControl "300"]
[EndTime "0:11:52 PDT"]
[Termination "BillythekidFellowes won by resignation"]

1. e4 e6 2. Nf3 d5 3. exd5 Qxd5 4. c4 Qd8 5. d4 Bb4+ 6. Nc3 Bxc3+ 7. bxc3 Nf6 8. Bd3 Nc6 9. O-O Ne7 10. Bg5 Ng6 11.
Ne5 c5 12. Re1 O-O 13. h4 cxd4 14. cxd4 Qxd4 15. Bxg6 Qxd1 16. Raxd1 hxg6 17. c5 a5 18. Rd6 Ne8 19. Rd8 f6 20. Nxg6 fxg5 21. Nxf8 Kxf8 22. hxg5 Ke7 23. Red1 Nc7 24. g6 Na6 25. Rg8 Nxc5 26. Rdd8 b5 27. Rxc8 Rxc8 28. Rxc8 Kd6 29. Rg8 Ke7 30.
Rxg7+ Kf6 31. Rc7 Ne4 32. g7 1-0

[Event "Live Chess"]
[Site "Chess.com"]
[Date "2023.05.21"]
[Round "-"]
[White "Crowded_House"]
[Black "Driftboard"]
[Result "1-0"]
[WhiteElo "1673"]
[BlackElo "812"]
[TimeControl "300"]
[EndTime "0:11:58 PDT"]
[Termination "Crowded_House won by checkmate"]

1. d4 d5 2. Bg5 Nc6 3. e3 Nf6 4. Nd2 Bf5 5. c3 e6 6. Ngf3 Be7 7. Nb3 h6 8. Bh4 g5 9. Bg3 Ne4 10. Bd3 Nxg3 11. hxg3 Bxd3 12. Qxd3 Qd7 13. O-O-O O-O-O 14. e4 dxe4 15. Qxe4 f5 16. Qe3 Bf6 17. Kb1 Rdg8 18. Rhe1 Re8 19. Nc5 Qe7 20. Qd3 Qf7 21. Qb5 Nd8 22. Ne5 Bxe5 23. Rxe5 a6 24. Qb3 b6 25. Nxa6 Kb7 26. Nb4 Nc6 27. Nxc6 Kxc6 28.
Qb5+ Kb7 29. Rde1 c6 30. Qb3 b5 31. Rxe6 Rxe6 32. Qxe6 Qxe6 33. Rxe6 h5 34. Rf6 f4 35. gxf4 gxf4 36. Rxf4 Rg8 37. g3 Rh8 38. Rh4 Kc7 39.
g4 Kd6 40. Rxh5 Ke6 41. Rxh8 Kf6 42. Rh6+ Kg7 43. Rxc6 Kf7 44. Rc5 Ke7 45. Rxb5 Kd7 46.
Re5 Kc7 47. g5 Kb7 48. g6 Kc7 49. g7 Kb7 50. g8=Q Kc7 51. Qg6 Kb7 52. Rf5 Kc7 53. Rf7+ Kd8 54. Qg8# 1-0

[Event "Live Chess"]
[Site "Chess.com"]
[Date "2023.05.21"]
[Round "-"]
[White "peter-785"]
[Black "seasidecastle27"]
[Result "0-1"]
[WhiteElo "1208"]
[BlackElo "1797"]
[TimeControl "300"]
[EndTime "0:12:09 PDT"]
[Termination "seasidecastle27 won by resignation"]

1. e4 d6 2. Nf3 e5 3. Bc4 Be7 4. d4 exd4 5. Nxd4 Nc6 6. Nf5 Bxf5 7. exf5 Nf6 8. O-O Qd7 9. Qf3 O-O 10. Nc3 Ne5 11. Qf4 Nxc4 12. Qxc4 d5 13. Qb3 Qxf5 14. Be3 Bd6 15. h3 Qe5 16. f4 Qxe3+ 17. Kh1 Ne4 18.
Nxe4 Qxe4 19. Rae1 Qf5 20. c3 Rae8 21. Rd1 Re4 22.
Rxd5 Qf6 23. Qxb7 Rxf4 24. Rxf4 Qxf4 25. Rxd6 cxd6 26. Qxa7 Re8 27. Qf2 Qxf2 0-1

[Event "Live Chess"]
[Site "Chess.com"]
[Date "2023.05.21"]
[Round "-"]
[White "martynstanley"]
[Black "nigelst"]
[Result "0-1"]
[WhiteElo "988"]
[BlackElo "1698"]
[TimeControl "300"]
[EndTime "0:12:34 PDT"]
[Termination "nigelst won by checkmate"]

1. d4 Nf6 2. e3 e6 3. Bd3 c5 4. c3 b6 5. f4 Bb7 6. Nf3 cxd4 7.
exd4 d6 8. O-O Be7 9. Nbd2 O-O 10. Qe2 Nd5 11. Qe4 g6 12. Ng5 Qc7 13. Qf3 Nxc3 14.
bxc3 Bxf3 15. Rxf3 Bxg5 16. fxg5 Qe7 17. Ne4 Nd7 18.
Nf6+ Nxf6 19. gxf6 Qc7 20. Bh6 Rfe8 21. Raf1 Qxc3 22.
Bxg6 Qxd4+ 23. R3f2 hxg6 24. Bf4 Rac8 25. h4 Rc2 26. h5 Rxf2 27. Rxf2 Rc8 28. Kf1 Qd3+ 29. Re2 Rc2 30. Kg1 Qxe2 31. hxg6 Qxg2# 0-1

[Event "Live Chess"]
[Site "Chess.com"]
[Date "2023.05.21"]
[Round "-"]
[White "Biranidun"]
[Black "elephantgerrald"]
[Result "0-1"]
[WhiteElo "2553"]
[BlackElo "762"]
[TimeControl "300"]
[EndTime "0:12:35 PDT"]
[Termination "elephantgerrald won by resignation"]

1. e4 e5 2. Nf3 Nc6 3. Bc4 Nf6 4. Ng5 d5 5. exd5 Na5 6. Bb5+ c6 7. dxc6 bxc6 8. Bd3 h6 9. Ne4 Nxe4 10. Bxe4 Be7 11. O-O O-O 12. d3 Bb7 13. Nc3 Bb4 14. Qg4 f5 15. Bxf5 Bxc3 16. bxc3 c5 17. Rb1 Qd5 18. Be4 Qxa2 19. Rxb7 Nxb7 20. Bxb7 Rab8 21. Be4 Qxc2 22.
Bxh6 Qxf2+ 23. Rxf2 Rb1+ 0-1

[Event "Live Chess"]
[Site "Chess.com"]
[Date "2023.05.21"]
[Round "-"]
[White "YichenLFC"]
[Black "BJAW87"]
[Result "0-1"]
[WhiteElo "816"]
[BlackElo "1441"]
[TimeControl "300"]
[EndTime "0:12:45 PDT"]
[Termination "BJAW87 won on time"]

1. e4 c6 2. d4 d5 3. exd5 cxd5 4. Nc3 Nc6 5. Nf3 Nf6 6. Bd3 Bg4 7. h3 Bh5 8. g4 Bg6 9. Bxg6 hxg6 10. g5 Ne4 11. Bd2 e6 12. Qe2 Nxd2 13. Qxd2 Qb6 14. O-O-O Bb4 15. a3 Ba5 16. b4 Nxb4 17. axb4 Bxb4 18.
Rdf1 Rc8 19. Qe3 Rxc3 20. Qe5 O-O 21. Nd2 Rfc8 22. Kd1 Rxc2 23. Ke2 Rxd2+ 24. Kf3 Rc3+ 25. Kg4 Rxd4+ 26. f4 Qc5 27. h4 Re4 28. Qb8+ Qc8 29. Qxc8+ Rxc8 30. Rc1 Rxc1 31. Rxc1 Rc4 32. Rxc4 dxc4 33.
Kf3 c3 34. Ke2 a5 35. Kd1 a4 36. Kc2 a3 37. Kb3 Bd6 38. Kxc3 Bxf4 39. Kb3 Bd6 40.
Ka2 f6 41. Kb3 fxg5 42. hxg5 e5 0-1

[Event "Live Chess"]
[Site "Chess.com"]
[Date "2023.05.21"]
[Round "-"]
[White "HoarseyHorsey"]
[Black "bedsdrout"]
[Result "1-0"]
[WhiteElo "1447"]
[BlackElo "339"]
[TimeControl "300"]
[EndTime "0:12:50 PDT"]
[Termination "HoarseyHorsey won by resignation"]

1. d4 d5 2. c4 dxc4 3. e4 Bg4 4. Qxg4 Nf6 5. Qd1 Nxe4 6. Bxc4 Nc6 7. Be3 e6 8. Nf3 Bb4+ 9. Nbd2 O-O 10. O-O Ne5 11. Nxe5 Nf6 12. Ndf3 Ng4 13. Nxg4 Bd6 14. Nge5 Qf6 15.
Bg5 Qf5 16. Bd3 c5 17. Bxf5 exf5 18. dxc5 Bxc5 19. Qc2 f4 20. Bxf4 b5 21. Qxc5 Rac8 22. Qxb5 Rb8 23. Qe2 Rb4 24. Nd3 Rbb8 25. Bxb8 h6 26.
Bxa7 Kh7 27. Qe4+ Kh8 28. Rac1 f5 29. Qb7 1-0

[Event "Live Chess"]
[Site "Chess.com"]
[Date "2023.05.21"]
[Round "-"]
[White "Tushinskiy"]
[Black "Supertromp"]
[Result "1-0"]
[WhiteElo "2176"]
[BlackElo "2126"]
[TimeControl "300"]
[EndTime "0:12:53 PDT"]
[Termination "Tushinskiy won by checkmate"]

1. d4 Nf6 2. c3 g6 3. Nf3 Bg7 4.
Bf4 O-O 5. Bg3 d6 6. Nbd2 Nbd7 7. e4 c5 8. d5 a6 9. Bd3 b5 10. Qe2 Nh5 11. O-O Nxg3 12. hxg3 Bb7 13. Rad1 c4 14. Bb1 Nc5 15. Rfe1 Qd7 16. Nd4 e5 17. N4f3 f5 18. Ng5 h6 19. Nh3 fxe4 20. Nxe4 Nxe4 21. Bxe4 Qf7 22. f4 Rae8 23. Qg4 Bc8 24. Qxg6 Bxh3 25. Qh7# 1-0

[Event "Live Chess"]
[Site "Chess.com"]
[Date "2023.05.21"]
[Round "-"]
[White "Duke_of_Bebington"]
[Black "MJMykh"]
[Result "1-0"]
[WhiteElo "1583"]
[BlackElo "1023"]
[TimeControl "300"]
[EndTime "0:12:59 PDT"]
[Termination "Duke_of_Bebington won by checkmate"]

1. e4 e5 2. Nf3 Nc6 3. Bc4 Bc5 4.
O-O h6 5. c3 Nf6 6. d4 exd4 7. cxd4 Bb6 8. e5 Ng8 9. Nc3 Nge7 10.
Nh4 O-O 11. Be3 Na5 12. Bd3 Nac6 13. Bc2 Nb4 14. Bb3 Nbc6 15. a3 Na5 16. Bc2 Nc4 17. Qd3 Nxe3 18. Qh7# 1-0

[Event "Live Chess"]
[Site "Chess.com"]
[Date "2023.05.21"]
[Round "-"]
[White "Mikhail_Golubev"]
[Black "KGreenGator"]
[Result "1-0"]
[WhiteElo "2472"]
[BlackElo "1803"]
[TimeControl "300"]
[EndTime "0:13:01 PDT"]
[Termination "Mikhail_Golubev won by checkmate"]

1. e4 c5 2. Nf3 Nc6 3. Nc3 e5 4. Bc4 d6 5. d3 Be7 6. Nd2 Nf6 7. Nf1 a6 8. Ne3 b5 9. Bd5 Nxd5 10. Ncxd5 Bg5 11. O-O O-O 12. Qh5 Nd4 13. c3 Ne6 14. Nf5 g6 15. Bxg5 Nxg5 16. Nde7+ Kh8 17. Qxg5 f6 18. Nxg6+ hxg6 19. Qh6+ Kg8 20. Qg7# 1-0

[Event "Live Chess"]
[Site "Chess.com"]
[Date "2023.05.21"]
[Round "-"]
[White "ProfPoisson"]
[Black "febray_27"]
[Result "0-1"]
[WhiteElo "1189"]
[BlackElo "2006"]
[TimeControl "300"]
[EndTime "0:13:19 PDT"]
[Termination "febray_27 won on time"]

1. e4 c5 2. Nf3 e6 3. c3 Nc6 4. d4 cxd4 5. cxd4 d6 6. Bb5 a6 7. Ba4 b5 8. Bb3 Nf6 9. Qe2 d5 10. exd5 Nxd5 11. O-O Be7 12. Nc3 Nxc3 13. bxc3 O-O 14.
Bc2 Bf6 15. h4 Bxh4 16. Nxh4 Qxh4 17. Be4 Bb7 18. Ba3 Rfe8 19. Rad1 Rad8 20. g3 Qh6 21. Bc1 Qf6 22. Kg2 Qe7 23. Rh1 f5 24. Qh5 g6 25.
Qh6 Rd7 26. Bxc6 Bxc6+ 27. f3 e5 28. Bg5 Qg7 29. Rde1 e4 30. Kf2 Qxh6 31. Rxh6 a5 0-1

[Event "Live Chess"]
[Site "Chess.com"]
[Date "2023.05.21"]
[Round "-"]
[White "chessfiction"]
[Black "diana21strabt"]
[Result "1-0"]
[WhiteElo "2350"]
[BlackElo "1718"]
[TimeControl "300"]
[EndTime "0:13:20 PDT"]
[Termination "chessfiction won by checkmate"]

1. e4 d5 2. d4 dxe4 3. f3 exf3 4.
Nxf3 Bg4 5. Bc4 e6 6. O-O Nf6 7. Kh1 Nc6 8. Nc3 Bxf3 9. Qxf3 Nxd4 10. Qxb7 Nxc2 11. Bb5+ Ke7 12. b3 Rb8 13. Qxa7 Ra8 14.
Qc5+ Qd6 15. Nd5+ exd5 16. Qxc2 Kd8 17. Bf4 Qc5 18. Qe2 Bd6 19. Rac1 Qb6 20. Bg5 Rxa2 21. Qxa2 Qxb5 22. Qa8+ Kd7 23. Qxh8 Ne4 24. Rxf7+ Ke6 25.
Qg8 Nxg5 26. Re1+ Ne4 27. Rf3+ Kd7 28. Qxg7+ Kc6 29. Qxh7 Qb4 30. Rc1+ Kb6 31. Qd7 Qd4 32. Qc6+ Ka7 33. b4 Qb6 34. Ra3+ Kb8 35. Ra8# 1-0